 Dungeon Crawl Stone Soup version 0.31-a0-978-g1e143483b6 (webtiles) character file.

Game seed: 6830164843026388947

99 voltaire321 the Magician (level 4, 0/25 HPs)
             Began as a Deep Elf Earth Elementalist on Oct 30, 2023.
             Slain by a gnoll
             ... wielding a +0 flail
              (4 damage)
             ... on level 3 of the Dungeon.
             The game lasted 00:06:17 (1719 turns).

voltaire321 the Magician (DEEE)                     Turns: 1719, Time: 00:06:17

Health: 0/25       AC:  7    Str:  7    XL:     4   Next: 45%
Magic:  4/11       EV: 13    Int: 20    God:
Gold:   202        SH:  0    Dex: 19    Spells: 7/10 levels left

rFire   . . .        d - +0 short sword
rCold   . . .        (no shield)
rNeg    . . .        a - +0 robe
rPois   .            (no helmet)
rElec   .            (no cloak)
rCorr   .            j - +1 pair of gloves
SInv    +            s - +2 pair of boots "Fiuqotin" {Dex+4}
Will    .....        (no amulet)
Stlth   ++           p - ring of see invisible
HPRegen 0.24/turn    (no ring)
MPRegen 0.12/turn

%: no passive effects
@: very slightly contaminated
A: no striking features
a: no special abilities


You were on level 3 of the Dungeon.
You visited 1 branch of the dungeon, and saw 4 of its levels.

You collected 202 gold pieces.

Inventory:

Hand Weapons
 d - a +0 short sword (weapon)
Missiles
 i - 15 poisoned darts
Armour
 a - a +0 robe (worn)
 j - a +1 pair of gloves (worn)
 s - the +2 pair of boots "Fiuqotin" (worn) {Dex+4}
   (You found it on level 2 of the Dungeon)

   Dex+4:     It affects your dexterity (+4).
Magical Staves
 k - a staff of cold
Jewellery
 p - a ring of see invisible (left hand)
Scrolls
 c - 3 scrolls of enchant armour {unknown}
 f - 2 scrolls of fear {unknown}
 g - a scroll of teleportation {unknown}
 n - 3 scrolls of identify {unknown}
 o - a scroll of fog {unknown}
 r - a scroll of enchant weapon {unknown}
 v - a scroll of revelation {unknown}
Potions
 b - a potion of magic
 e - a potion of might {unknown}
 h - a potion of cancellation {unknown}
 l - a potion of resistance {unknown}
 m - a potion of heal wounds {unknown}
 q - a potion of mutation {unknown}
 t - 2 potions of brilliance {unknown}
 u - a potion of enlightenment {unknown}
 w - a potion of berserk rage {unknown}
 x - a potion of attraction {unknown}


   Skills:
 + Level 1.1 Fighting
 + Level 1.1 Armour
 + Level 3.2 Dodging
 - Level 2.4 Stealth
 + Level 3.9 Spellcasting
 - Level 2.0 Transmutations
 + Level 3.8 Earth Magic


You had 7 spell levels left.
You knew the following spells:

 Your Spells              Type           Power      Damage    Failure   Level
a - Sandblast             Erth           38%        2d10      2%          1
b - Passwall              Tmut/Erth      12%        N/A       6%          2

Your spell library contained the following spells:

 Spells                   Type           Power      Damage    Failure   Level
 Stone Arrow              Conj/Erth      22%        3d8       19%         3
 Petrify                  Tmut/Erth      15%        N/A       36%         4
 Brom's Barrelling Bould  Conj/Erth      11%        2d3       52%         4


Dungeon Overview and Level Annotations

Branches:
Dungeon (4/15)
 Temple: D:4-7

Altars:
Xom

Shops:
D:4 *


Message History

The gnoll is moderately wounded.
The gnoll shouts!
Aiming: Sandblast (safe; 2% risk of failure)
Press: ? - help, Q - select action, (/) - cycle Shift-Dir - straight line, f/p - gnoll
Aim: a gnoll, wielding a +0 flail (moderately wounded, 84% to hit)
The blast of sand hits the gnoll.
The gnoll is heavily wounded.
The gnoll shouts!
You hear an angry hiss.
The gnoll barely misses you.
Aiming: Sandblast (safe; 2% risk of failure)
Press: ? - help, Q - select action, (/) - cycle Shift-Dir - straight line, f/p - gnoll
Aim: a gnoll, wielding a +0 flail (heavily wounded, 84% to hit)
The blast of sand misses the gnoll.
The gnoll hits you with a +0 flail!
You hit the dart slug.
The dart slug is moderately wounded.
The dart slug launches a dart at you. The slug dart misses you.
The gnoll barely misses you. The dart slug completely misses you.
The gnoll attacks as it pursues you! The gnoll misses you.
The gnoll attacks as it pursues you! The gnoll closely misses you.
The gnoll hits you but does no damage. The dart slug barely misses you.
The gnoll attacks as it pursues you! The gnoll closely misses you.
The gnoll attacks as it pursues you! The gnoll closely misses you.
You see here a ball python corpse.
The gnoll attacks as it pursues you! The gnoll hits you with a +0 flail.
There is a stone staircase leading up, spattered with blood here.
You climb upwards.
The orc hits you with a +0 heavy trident.
* * * LOW HITPOINT WARNING * * *
There is a stone staircase leading down, spattered with blood here.
Aiming: Sandblast (safe; 2% risk of failure)
Press: ? - help, Q - select action, (/) - cycle Shift-Dir - straight line, f - gnoll
Aim: a gnoll, wielding a +0 flail (moderately wounded, 84% to hit)
You miscast Sandblast.
You are very lightly contaminated with residual magic.
Nothing appears to happen.
The gnoll hits you with a +0 flail.
You die...

#.............#
###..####^####..# #....#
..... #..#
#.##.#.......#..#
#.##.#.......#).#
.#######.##.#..._...#..#
.............#.......#..#
#..#######o#..#.......#.##
.........g@#..# #.#
#..##%..####o.#######
........####.........
#..##...............#
####..###.#####..#######
#.....# #.#####..# #.##.##
#.....(..# ###.##.#
#.#####.##
..#o##)####.#####.#


You could see a gnoll and an orc.

Vanquished Creatures
  A hound (D:4)
  An adder (D:2)
  A worm (D:2)
  3 orcs (D:3)
  2 ball pythons
  2 endoplasms
  2 giant cockroaches
  3 goblins
  3 hobgoblins
  11 jackals (D:2)
  2 quokkas
  7 bats
  3 frilled lizards (D:1)
  5 kobolds
  4 rats
50 creatures vanquished.

Notes
Turn   | Place    | Note
-------+----------+-------------------------------------------
     0 | D:1      | voltaire321 the Deep Elf Earth Elementalist began the quest
                  | for the Orb.
     0 | D:1      | Reached XP level 1. HP: 10/10 MP: 6/6
   204 | D:1      | Reached XP level 2. HP: 15/15 MP: 6/8
   762 | D:2      | Learned a level 2 spell: Passwall
   787 | D:2      | Reached XP level 3. HP: 20/20 MP: 4/9
  1088 | D:2      | Identified the +2 pair of boots "Fiuqotin" {Dex+4}
  1555 | D:3      | Found a shimmering altar of Xom.
  1631 | D:3      | Reached skill level 1 in Fighting
  1633 | D:3      | Reached XP level 4. HP: 20/25 MP: 2/11
  1691 | D:4      | Reached skill level 1 in Armour
  1696 | D:4      | Found Plog's Fire Supplies.
  1719 | D:3      | Slain by a gnoll

Illustrated notes

Levels and vault maps discovered:
D:1:      dpeg_arrival_arbitrary_c, layout_loops_ring, minmay_tetromino_l4
D:2:      layout_loops_ring, minmay_gold_behind_fungi,
          chequers_serial_rivers_micro_a, grunt_ministairs_2, hex_tiny
D:3:      layout_loops_ring, lemuel_tele_altar, minmay_crystal_room
D:4:      layout_cave_pools, tgw_sif, nicolae_shop_fire_sale
          [nicolae_sub_dead_trees], uniq_blork_the_orc

Skill      XL: |  1  2  3  4 |
---------------+-------------+-----
Dodging        | 3 |  3.2
Fighting       | 1 |  1.1
Armour         | 1 |  1.1
Transmutations | 2 |  2.0
Stealth        | |  2.4
Spellcasting   | |  3.9
Earth Magic    | |  3.8

Action                     |  1- 3 |  4- 6 || total
---------------------------+-------+-------++-------
  Melee: Short sword       |     9 |     1 ||    10
   Cast: Sandblast         |    64 |     8 ||    72
 Armour: Robe              |    11 |     9 ||    20
  Dodge: Dodged            |    14 |    13 ||    27

Table legend: (Time is in decaauts)
 A = Elapsed time spent in this place.
 B = Non-inter-level travel time spent in this place.
 C = Inter-level travel time spent in this place.
 D = Time resting spent in this place.
 E = Time spent auto-exploring this place.
 F = Levels seen in this place.
 G = Mean time per level.
                   A        B        C        D        E       F      G
               +--------+--------+--------+--------+--------+-----+--------+
         Total |   1754 |   1680 |     74 |     45 |   1143 |   4 |  438.5 |
       Dungeon |   1754 |   1680 |     74 |     45 |   1143 |   4 |  438.5 |
               +--------+--------+--------+--------+--------+-----+--------+

Top non-repeatable levels by time:
     D:2: 884 daAuts
     D:1: 651 daAuts
     D:3: 181 daAuts
     D:4: 37 daAuts
